 Dungeon Crawl Stone Soup version 0.30-a0-385-gfebfb9b408 (webtiles) character file.

Game seed: 9905260125932396253

871 p00ps00p the Trooper (level 8, -2/71 HPs)
             Began as a Hill Orc Fighter on Dec 3, 2022.
             Was an Initiate of Gozag.
             Succumbed to a gnoll's poison
             ... on level 5 of the Dungeon.
             The game lasted 00:04:57 (3520 turns).

p00ps00p the Trooper (Hill Orc Fighter)             Turns: 3520, Time: 00:04:58

Health: -2/71      AC: 14    Str: 19 (21) XL:     8   Next: 3%
Magic:  8/8        EV:  5    Int:  6 (8)  God:    Gozag
Gold:   215        SH:  4    Dex:  7 (10) Spells: 7/7 levels left

rFire   . . .      SeeInvis .    a - +1 war axe
rCold   . . .      Faith    .    c - +0 buckler
rNeg    . . .      Spirit   .    f - +0 plate armour
rPois   .          Reflect  .    v - +1 hat
rElec   .          Harm     .    (no cloak)
rCorr   .          Rampage  .    p - +0 pair of gloves
Will    .....                    (no boots)
Stlth   ..........               (no amulet)
HPRegen 0.31/turn                (no ring)
MPRegen 0.11/turn                (no ring)

@: lethally poisoned (-2 -> -37), gold aura, hasted, very quick
A: no striking features
a: Renounce Religion, Potion Petition, Call Merchant, Bribe Branch


You were on level 5 of the Dungeon.
You worshipped Gozag.
Gozag was aware of your devotion.
You visited 1 branch of the dungeon, and saw 5 of its levels.

You collected 239 gold pieces.
You paid 24 gold pieces to Gozag.

Inventory:

Hand Weapons
 a - a +1 war axe (weapon)
Armour
 b - a +0 scale mail
 c - a +0 buckler (worn)
 f - a +0 plate armour (worn)
 p - a +0 pair of gloves (worn)
 v - a +1 hat (worn)
Wands
 w - a wand of polymorph (3)
Scrolls
 e - 2 scrolls of teleportation
 g - 3 scrolls of fear
Potions
 d - 2 potions of might
 h - a potion of cancellation {unknown}
 i - 3 potions of haste
 j - a potion of berserk rage {unknown}
 l - a potion of magic {unknown}
 m - a potion of resistance {unknown}
 n - 2 potions of mutation
 o - a potion of ambrosia {unknown}
 q - a potion of curing {unknown}
 r - a potion of lignification {unknown}
 s - a potion of invisibility {unknown}
 x - a potion of degeneration


   Skills:
 + Level 6.3 Fighting
 + Level 6.3 Axes
 + Level 5.8 Armour
 + Level 5.8 Shields


You had 7 spell levels left.
You didn't know any spells.
Your spell library contained the following spells:

 Spells                   Type           Power      Damage    Failure   Level
 Ensorcelled Hibernation  Hex/Ice        0%         N/A       100%        2
 Spider Form              Tmut/Pois      0%         N/A       100%        3
 Anguish                  Hex/Necr       0%         N/A       100%        4


Dungeon Overview and Level Annotations

Branches:
Dungeon (5/15)
 Temple: D:4-7

Altars:
Ashenzari
Cheibriados
Gozag
Hepliaklqana
Makhleb

Shops:
D:1 *

Annotations:
D:5 3 runed translucent doors, zishaf's ghost, novice DjVM


Message History

You block the gnoll's attack. x2
The gnoll hits you with a +2 flail of venom!
You are lethally poisoned!
The orc barely misses you.
You feel much better.
You feel extremely sick.
The orc is no longer distracted by gold.
The gnoll hits you but does no damage.
A gnoll comes into view. It is wielding a +0 flail.
The gnoll hits you but does no damage.
You are more poisoned.
The orc hits you but does no damage. You block the gnoll's attack.
The gnoll bouda barks out a call to the hunt!
The gnolls pick up the pace!
You feel yourself speed up.
You feel very sick. You block the gnoll's attack.
The gnoll hits you but does no damage. The orc hits you but does no damage.
The gnoll hits you with a +2 flail of venom!
You are lethally poisoned!
It was a potion of degeneration.
There was something very wrong with that liquid.
You feel weakened.
You feel dopey.
You feel clumsy.
You feel very sick. The orc hits you but does no damage.
The gnoll hits you but does no damage.
The gnoll hits you with a +2 flail of venom!
* * * LOW HITPOINT WARNING * * *
You are more poisoned.
The gnoll hits you but does no damage.
You hit the gnoll.
The gnoll is moderately wounded.
You hit the gnoll bouda. You hit the gnoll. You slash the orc!
You kill the orc!
You hit the gnoll but do no damage.
* * * LOW HITPOINT WARNING * * *
You feel extremely sick.
You closely miss the gnoll.
The gnoll is moderately wounded.
You hit the gnoll. You hit the gnoll bouda. You closely miss the gnoll.
You die...
Your body crumbles into a pile of gold.

. #.#....###....#
$ ## #
.#.........# .#.
##.......### ...#
#.......##
....##........###
.....#....##$...#
<........#####..#
......g.## ##.#
.....o$@# ##
.....gggg#
##.....#g..
##.... ##...
##... .### #... #
...# #...


You could see a gnoll bouda, 5 gnolls and an orc.

Vanquished Creatures
  Pikel (D:4)
  Sigmund (D:3)
  A hound (D:4)
  Ijyb (D:4)
  4 gnolls (D:2)
  5 adders
  A worm (D:3)
  2 dart slugs
  9 orcs
  5 ball pythons
  4 endoplasms
  2 giant cockroaches
  6 goblins
  8 hobgoblins
  7 jackals (D:1)
  3 kobolds
  7 quokkas
  5 bats
  2 frilled lizards (D:1)
  5 rats
79 creatures vanquished.

Vanquished Creatures (others)
  A fungus (D:5)
  2 plants (D:5)
3 creatures vanquished.

Grand Total: 82 creatures vanquished

Notes
Turn   | Place    | Note
-------+----------+-------------------------------------------
     0 | D:1      | p00ps00p the Hill Orc Fighter began the quest for the Orb.
     0 | D:1      | Reached XP level 1. HP: 19/19 MP: 1/1
    76 | D:1      | Reached XP level 2. HP: 22/27 MP: 2/2
   214 | D:1      | Reached XP level 3. HP: 33/33 MP: 3/3
   430 | D:1      | Found Histrop's General Store.
   523 | D:1      | You fall into a shaft and drop 1 floor!
  1146 | D:2      | Reached XP level 4. HP: 33/40 MP: 4/4
  1640 | D:2      | Reached XP level 5. HP: 30/47 MP: 5/5
  1872 | D:3      | Found a hazy altar of Hepliaklqana.
  1951 | D:3      | Noticed Sigmund
  1962 | D:3      | Killed Sigmund
  1963 | D:3      | Reached skill level 5 in Fighting
  1963 | D:3      | Reached XP level 6. HP: 46/56 MP: 6/6
  2467 | D:3      | Found a snail-covered altar of Cheibriados.
  2467 | D:3      | Found a broken altar of Ashenzari.
  2476 | D:3      | Found a faded altar of an unknown god.
  2478 | D:3      | Found a burning altar of Makhleb.
  2480 | D:3      | Found an opulent altar of Gozag.
  2516 | D:3      | Became a worshipper of Gozag Ym Sagoz the Greedy
  2659 | D:4      | Noticed Pikel
  2675 | D:4      | Killed Pikel
  2676 | D:4      | Reached skill level 5 in Armour
  2676 | D:4      | Reached skill level 5 in Shields
  2676 | D:4      | Reached XP level 7. HP: 28/63 MP: 7/7
  2849 | D:4      | Noticed Ijyb
  2864 | D:4      | Killed Ijyb
  2986 | D:4      | Reached XP level 8. HP: 54/71 MP: 8/8
  3435 | D:5      | Entered Level 5 of the Dungeon
  3469 | D:5      | Found a runed translucent gate.
  3470 | D:5      | Found a runed translucent gate.
  3472 | D:5      | Found a runed translucent gate.
  3472 | D:5      | Noticed zishaf's ghost (novice DjVM)
  3520 | D:5      | Succumbed to a gnoll's poison

Illustrated notes

Levels and vault maps discovered:
D:1:      nicolae_arrival_washed_ashore, layout_loops_ring, serial_shops, shop
D:2:      layout_basic
D:3:      layout_basic, mainiacjoe_overflow_24_doors,
          chequers_temple_overflow_minitemple, serial_glass, glass_columns_a,
          glass_columns_a, minivault_24, chequers_serial_rivers_small_a,
          uniq_sigmund
D:4:      layout_rooms, st_stairs_9, kennysheep_crisscross, hex_tiny,
          roderic_lattice_a, uniq_ijyb, uniq_pikel
D:5:      layout_layer_cave, nicolae_overflow_hidden_temple,
          cheibrodos_sewer_entry_drain, gammafunk_ghost_nasty_kobolds,
          uniq_blork_the_orc

Skill      XL: |  1  2  3  4  5  6 |
---------------+-------------------+-----
Axes           | 3 4 6 |  6.3
Fighting       | 4 5 6 |  6.3
Shields        | 4 5 |  5.8
Armour         | 4 5 |  5.8

Action                   |  1- 3 |  4- 6 |  7- 9 || total
-------------------------+-------+-------+-------++-------
Melee: War axe           |    88 |   123 |    39 ||   250
       Unarmed           |       |       |    13 ||    13
  Use: Scroll            |       |     4 |     3 ||     7
       Potion            |       |       |     3 ||     3
 Stab: Confused          |       |       |     2 ||     2
       Distracted        |       |       |     2 ||     2
Armor: Scale mail        |    12 |       |       ||    12
       Plate armour      |    55 |    96 |    28 ||   179
       Skin              |       |       |     4 ||     4
Dodge: Dodged            |    28 |    26 |    40 ||    94
Block: Buckler           |    21 |    18 |    14 ||    53

Table legend: (Time is in decaauts)
 A = Elapsed time spent in this place.
 B = Non-inter-level travel time spent in this place.
 C = Inter-level travel time spent in this place.
 D = Time resting spent in this place.
 E = Time spent auto-exploring this place.
 F = Levels seen in this place.
 G = Mean time per level.
                   A        B        C        D        E       F      G
               +--------+--------+--------+--------+--------+-----+--------+
         Total |   3602 |   3440 |    162 |    122 |   2565 |   5 |  720.4 |
       Dungeon |   3602 |   3440 |    162 |    122 |   2565 |   5 |  720.4 |
               +--------+--------+--------+--------+--------+-----+--------+

Top non-repeatable levels by time:
     D:2: 1168 daAuts
     D:4: 839 daAuts
     D:3: 764 daAuts
     D:1: 744 daAuts
     D:5: 85 daAuts
